 Dungeon Crawl Stone Soup version 0.29.1-15-g9cfb28693d (webtiles) character file.

Game seed: 18383096459972235253

100 protoss039 the Digger (level 4, 0/33 HPs)
             Began as a Demonspawn Earth Elementalist on Mar 12, 2023.
             Killed by nerve-wracking pain
             ... invoked by an orc priest
              (13 damage)
             ... on level 3 of the Dungeon.
             The game lasted 00:03:38 (2867 turns).

protoss039 the Digger (DsEE)                        Turns: 2867, Time: 00:03:38

Health: 0/33       AC:  4    Str:  8    XL:     4   Next: 46%
Magic:  3/8        EV: 11    Int: 18    God:
Gold:   136        SH:  0    Dex: 14    Spells: 3/9 levels left

rFire   . . .      SeeInvis .   t - +1 sling (vorpal)
rCold   . . .      Faith    .   (no shield)
rNeg    . . .      Spirit   .   u - +0 leather armour
rPois   .          Reflect  .   k - +0 helmet
rElec   .          Harm     .   (no cloak)
rCorr   .          Rampage  .   (no gloves)
Will    .....                   (no boots)
Stlth   ++........              (no amulet)
HPRegen 0.11/turn               (no ring)
MPRegen 0.11/turn               (no ring)

@: no status effects
A: hooves 1
a: no special abilities


You were on level 3 of the Dungeon.
You visited 1 branch of the dungeon, and saw 3 of its levels.

You collected 136 gold pieces.

Inventory:

Hand Weapons
 i - a +2 dagger of flaming
 t - a +1 vorpal sling (weapon)
Armour
 k - a +0 helmet (worn)
 u - a +0 leather armour (worn)
Wands
 n - a wand of roots (7)
Scrolls
 a - 4 scrolls of noise {unknown}
 d - a scroll of teleportation
 e - a scroll of blinking {unknown}
 h - 4 scrolls of identify
 j - 4 scrolls of brand weapon
 m - a scroll of magic mapping {unknown}
 o - a scroll of enchant weapon {unknown}
 q - a scroll of vulnerability {unknown}
 s - a scroll of poison {unknown}
Potions
 b - a potion of magic
 c - a potion of mutation {unknown}
 f - a potion of curing {unknown}
 g - 3 potions of haste
 l - a potion of lignification {unknown}
 p - 2 potions of ambrosia
 r - 3 potions of heal wounds {unknown}


   Skills:
 + Level 2.2 Fighting
 - Level 1.7 Dodging
 - Level 1.7 Stealth
 + Level 3.0 Spellcasting
 - Level 0.8 Transmutations
 + Level 3.5 Earth Magic


You had 3 spell levels left.
You knew the following spells:

 Your Spells              Type           Power      Damage    Failure   Level
a - Sandblast             Erth           30%        2d9       5%          1
b - Passwall              Tmut/Erth      8%         N/A       14%         2
c - Stone Arrow           Conj/Erth      18%        3d8       34%         3

Your spell library contained the following spells:

 Spells                   Type           Power      Damage    Failure   Level
 Sting                    Tmut/Pois      16%        1d3       21%         1
 Apportation              Tloc           4%         N/A       24%         1
 Poisonous Vapours        Pois/Air       4%         N/A       34%         2
 Petrify                  Tmut/Erth      10%        N/A       67%         4
 Olgreb's Toxic Radiance  Pois           2%         N/A       93%         4
 Alistair's Intoxication  Tmut/Pois      2%         N/A       99%         5


Dungeon Overview and Level Annotations

Branches:
Dungeon (3/15) Zot: 15086

Altars:
Nemelex Xobeh


Innate Abilities, Weirdness & Mutations

You have large cloven feet.


Message History

Your Spellcasting skill increases to level 3!
Unknown command.
Casting: Sandblast (safe; 5% risk of failure)
Confirm with . or Enter, or press ? or * to list all spells.
Aiming: Sandblast (safe; 5% risk of failure)
Press: ? - help, Shift-Dir - straight line, f/p - orc priest
Aim: an orc priest, wielding a +0 dagger (moderately wounded, 82% to hit)
The blast of sand hits the orc priest.
The orc priest is severely wounded.
The orc hits you but does no damage.
The orc priest hits you but does no damage.
The orc priest attacks as you move away!
The orc priest hits you with a +0 dagger.
Casting: Sandblast (safe; 5% risk of failure)
Confirm with . or Enter, or press ? or * to list all spells.
Aiming: Sandblast (safe; 5% risk of failure)
Press: ? - help, Shift-Dir - straight line, f/p - orc priest
Aim: an orc priest, wielding a +0 dagger (severely wounded, 82% to hit)
The blast of sand hits the orc!
You kill the orc!
The orc barely misses you.
Unknown command.
Casting: Sandblast (safe; 5% risk of failure)
Confirm with . or Enter, or press ? or * to list all spells.
Aiming: Sandblast (safe; 5% risk of failure)
Press: ? - help, Shift-Dir - straight line, f/p - orc priest
Aim: an orc priest, wielding a +0 dagger (severely wounded, 82% to hit)
The blast of sand hits the orc!
You kill the orc!
Unknown command.
Casting: Sandblast (safe; 5% risk of failure)
Confirm with . or Enter, or press ? or * to list all spells.
Aiming: Sandblast (safe; 5% risk of failure)
Press: ? - help, Shift-Dir - straight line, f/p - orc priest
Aim: an orc priest, wielding a +0 dagger (severely wounded, 82% to hit)
The blast of sand hits the orc!
You kill the orc!
The orc priest mumbles some strange prayers to Beogh against you.
Pain shoots through your body!
You die...

.........
#.#######.#.## #
...##.###
#........###.# #
...##.#
#.#######.#..# #
......#
#.####.########.#.#
# ...####
#...........#
#.#.###### ...#
######.####.#
#......... .###
#..# ###.#####. .#
##.#####.# #.....>.
.# #..o@....#
#######. .#
#.†####### #. ##
#..# #. # #..#
##############.
#...
<..............
##.##
#######.######. ...
#.######. ...
#######........ .).
........#######


You could see an orc priest.

Vanquished Creatures
  4 adders (D:3)
  2 worms
  2 dart slugs
  5 orcs (D:3)
  6 endoplasms
  2 giant cockroaches (D:1)
  4 hobgoblins (D:1)
  A jackal (D:2)
  5 kobolds
  4 quokkas (D:1)
  5 ball pythons
  3 bats
  3 frilled lizards
  A goblin (D:1)
  4 rats
51 creatures vanquished.

Notes
Turn   | Place    | Note
-------+----------+-------------------------------------------
     0 | D:1      | protoss039 the Demonspawn Earth Elementalist began the
                  | quest for the Orb.
     0 | D:1      | Reached XP level 1. HP: 13/13 MP: 3/3
   354 | D:1      | Gained mutation: You have large cloven feet. [demonic
                  | ancestry]
   354 | D:1      | Reached XP level 2. HP: 20/20 MP: 3/5
   597 | D:1      | Reached skill level 1 in Fighting
  1212 | D:1      | Reached XP level 3. HP: 24/26 MP: 3/6
  1694 | D:2      | Learned a level 2 spell: Passwall
  2218 | D:2      | Learned a level 3 spell: Stone Arrow
  2248 | D:3      | Found a sparkling altar of Nemelex Xobeh.
  2402 | D:3      | Reached XP level 4. HP: 31/33 MP: 4/8
  2867 | D:3      | Killed from afar by an orc priest

Illustrated notes

Levels and vault maps discovered:
D:1:      saegor_arrival_simple_d, layout_loops_corners
D:2:      layout_rooms, serial_glass, glass_columns_b, glass_columns_b,
          item_on_display_a, due_unseen_surprise, item_on_display_a,
          minmay_surrounded
D:3:      layout_loops_ring, lemuel_crystal_altar

Skill      XL: |  1  2  3  4 |
---------------+-------------+-----
Earth Magic    | 3 |  3.5
Fighting       | 1 2 |  2.2
Spellcasting   | 3 |  3.0
Dodging        | |  1.7
Stealth        | |  1.7
Transmutations | |  0.8

Action                   |  1- 3 |  4- 6 || total
-------------------------+-------+-------++-------
Melee: Unarmed           |    15 |       ||    15
       Spear             |     9 |       ||     9
       Kick              |     3 |       ||     3
       Punch             |     1 |       ||     1
 Fire: Sling             |    12 |    14 ||    26
 Cast: Sandblast         |    53 |    15 ||    68
       Passwall          |     8 |       ||     8
  Use: Scroll            |     4 |       ||     4
 Stab: Sleeping          |     1 |       ||     1
Armor: Robe              |    11 |       ||    11
       Leather armour    |     1 |     6 ||     7
Dodge: Dodged            |    33 |     7 ||    40
